 Dungeon Crawl Stone Soup version 0.31-a0-7-g51783674b7 (webtiles) character file.

Game seed: 11574559578613980851

86 Pimp the Chopper (level 4, -5/41 HPs)
             Began as a Hill Orc Monk on May 5, 2023.
             Killed by divine providence
             ... invoked by an orc priest
              (15 damage)
             ... on level 3 of the Dungeon.
             The game lasted 00:05:34 (1859 turns).

Pimp the Chopper (Hill Orc Monk)                    Turns: 1859, Time: 00:05:36

Health: -5/41      AC:  3    Str: 15    XL:     4   Next: 49%
Magic:  4/4        EV: 12    Int: 10    God:
Gold:   119        SH:  0    Dex: 11    Spells: 3/3 levels left

rFire   . . .        a - +0 hand axe
rCold   . . .        d - orb {light}
rNeg    . . .        k - +1 robe "Ecew Biu" {Rampage rPois Dex-2}
rPois   +            (no helmet)
rElec   .            (no cloak)
rCorr   .            (no gloves)
SInv    .            (no boots)
Will    .....        (no amulet)
Stlth   +            (no ring)
HPRegen 0.26/turn    (no ring)
MPRegen 0.09/turn

%: rampage
@: glowing
A: no striking features
a: Convert to Beogh


You were on level 3 of the Dungeon.
You visited 1 branch of the dungeon, and saw 3 of its levels.

You collected 119 gold pieces.

Inventory:

Hand Weapons
 a - a +0 hand axe (weapon)
Armour
 b - a +0 robe
 d - an orb of light (worn)
 k - the +1 robe "Ecew Biu" (worn) {Rampage rPois Dex-2}
   (You found it on level 2 of the Dungeon)

   Dex:       It affects your dexterity (-2).
   rPois:     It protects you from poison.
   Rampage:   It bestows one free step when moving towards enemies.
Scrolls
 e - 2 scrolls of identify {unknown}
 f - a scroll of vulnerability {unknown}
 h - a scroll of fear {unknown}
 i - 2 scrolls of teleportation {unknown}
 l - a scroll of summoning {unknown}
 m - a scroll of poison {unknown}
Potions
 c - a potion of ambrosia
 g - a potion of might {unknown}
 j - a potion of lignification {unknown}
 n - a potion of degeneration {unknown}


   Skills:
 + Level 4.6 Fighting
 + Level 5.1 Axes
 + Level 3.1 Dodging


You had 3 spell levels left.
You didn't know any spells.
Your spell library contained the following spells:

 Spells                   Type           Power      Damage    Failure   Level
 Slow                     Hex            0%         N/A       36%         1
 Confusing Touch          Hex            0%         N/A       75%         3
 Vampiric Draining        Necr           0%         2d6       75%         3


Dungeon Overview and Level Annotations

Branches:
Dungeon (3/15)

Altars:


Message History

The orc wizard is lightly wounded.
The orc wizard barely misses you.
The orc priest shouts, "Join the one true god or die!"
You hit the orc wizard but do no damage.
The orc wizard is lightly wounded.
The orc wizard misses you.
You hit the orc wizard but do no damage.
The orc wizard is lightly wounded.
The orc wizard misses you.
The orc priest invokes the aid of Beogh against you.
Beogh smites you!
The orc priest shouts, "Join the one true god or die!"
The orc priest shouts, "Beogh is our master!
Accept the truth or die!"
You hit the orc wizard.
The orc wizard is moderately wounded.
The orc priest looks encouraged for a moment.
The orc wizard hits you but does no damage.
The orc priest shouts, "Beogh is our master!
Accept the truth or die!"
You barely miss the orc wizard.
The orc wizard is moderately wounded.
The orc wizard hits you but does no damage.
The orc priest looks satisfied for a moment.
The orc priest shouts, "Surrender to Beogh and we'll let you live!"
You closely miss the orc wizard.
The orc wizard is moderately wounded.
The orc wizard hits you with a +0 dagger.
You barely miss the orc wizard.
The orc wizard is moderately wounded.
The orc wizard hits you with a +0 dagger.
You hit the orc wizard but do no damage.
The orc wizard is moderately wounded.
The orc wizard hits you with a +0 dagger.
* * * LOW HITPOINT WARNING * * *
You closely miss the orc wizard.
The orc wizard is moderately wounded.
The orc wizard hits you with a +0 dagger.
* * * LOW HITPOINT WARNING * * *
The orc priest invokes the aid of Beogh against you.
Beogh smites you!
You die...

#.#
#.........
#.#
#########.
#.# #. #.#
#. #.###
#. #...#
#. ###.#
#. #.# #.
#@# .. #o#
#.. #o#
##. #o# #.
#S# #. #.#
.. #.. #.#


You could see 2 orc priests, an orc wizard and an adder.

Vanquished Creatures
  A jelly (D:3)
  2 worms (D:2)
  3 orcs (D:3)
  3 endoplasms
  2 giant cockroaches
  3 goblins (D:1)
  5 hobgoblins
  4 jackals (D:2)
  7 kobolds
  4 ball pythons
  6 bats
  A frilled lizard (D:1)
  2 rats
43 creatures vanquished.

Notes
Turn   | Place    | Note
-------+----------+-------------------------------------------
     0 | D:1      | Pimp the Hill Orc Monk began the quest for the Orb.
     0 | D:1      | Reached XP level 1. HP: 19/19 MP: 1/1
   137 | D:1      | Reached XP level 2. HP: 27/27 MP: 2/2
   724 | D:2      | Reached XP level 3. HP: 29/33 MP: 3/3
   832 | D:2      | Identified the +1 robe "Ecew Biu" {Rampage rPois Dex-2}
  1649 | D:3      | Reached skill level 5 in Axes
  1649 | D:3      | Reached XP level 4. HP: 7/41 MP: 4/4
  1859 | D:3      | Killed from afar by an orc priest

Illustrated notes

Levels and vault maps discovered:
D:1:      minmay_arrival_floating_metal, layout_rooms
D:2:      layout_loops_cross
D:3:      layout_loops_ring, nemelex_diamond_rough_becter, vehumet_crystals,
          nicolae_uskayaw_en_pointe, dilly_ecumenical_altar_fadedgnrine,
          kennysheep_generic_room_9

Skill      XL: |  1  2  3 |
---------------+----------+-----
Fighting       | 4 |  4.6
Dodging        | 3 |  3.1
Axes           | 5 |  5.1

Action                     |  1- 3 |  4- 6 || total
---------------------------+-------+-------++-------
  Melee: Hand axe          |   127 |    14 ||   141
 Armour: Robe              |    30 |     2 ||    32
  Dodge: Dodged            |    78 |     5 ||    83

Table legend: (Time is in decaauts)
 A = Elapsed time spent in this place.
 B = Non-inter-level travel time spent in this place.
 C = Inter-level travel time spent in this place.
 D = Time resting spent in this place.
 E = Time spent auto-exploring this place.
 F = Levels seen in this place.
 G = Mean time per level.
                   A        B        C        D        E       F      G
               +--------+--------+--------+--------+--------+-----+--------+
         Total |   1888 |   1800 |     88 |    268 |   1193 |   3 |  629.3 |
       Dungeon |   1888 |   1800 |     88 |    268 |   1193 |   3 |  629.3 |
               +--------+--------+--------+--------+--------+-----+--------+

Top non-repeatable levels by time:
     D:2: 825 daAuts
     D:1: 741 daAuts
     D:3: 322 daAuts
